 Dungeon Crawl Stone Soup version 0.30-a0-1053-gbd8d5ba0ad (webtiles) character file.

Game seed: 12114439852056294780

646 ryw the Insei (level 7, -6/58 HPs)
             Began as a Pale Draconian Transmuter on Apr 11, 2023.
             Was an Initiate of Hepliaklqana.
             Killed from afar by Maggie (23 damage)
             ... with a bolt of fire
             ... on level 7 of the Dungeon.
             The game lasted 00:10:20 (4669 turns).

ryw the Insei (Pale Draconian Transmuter)           Turns: 4669, Time: 00:10:21

Health: -6/58      AC:  6    Str: 12    XL:     7   Next: 27%
Magic:  11/12      EV: 13    Int: 15    God:    Hepliaklqana [......]
Gold:   233        SH:  0    Dex: 12    Spells: 10/13 levels left

rFire   . . .      SeeInvis .      - Unarmed
rCold   . . .      Faith    .    (no shield)
rNeg    . . .      Spirit   .    (body armour unavailable)
rPois   .          Reflect  .    (helmet currently unavailable)
rElec   .          Rampage  .    (no cloak)
rCorr   .                        (no gloves)
Will    .....                    m - melded +0 pair of boots
Stlth   +                        (no amulet)
HPRegen 0.29/turn                (no ring)
MPRegen 0.13/turn                (no ring)

@: appendages, mesmerised, hasted, very quick
A: horns 2, talons 2, breathe steam, AC +6, unfitting armour, cold-blooded,
steam resistance
a: Breathe Steam, End Transformation, Renounce Religion


You were on level 7 of the Dungeon.
You worshipped Hepliaklqana.
Hepliaklqana was noncommittal.
You had temporarily grown beastly horns and talons.
You visited 2 branches of the dungeon, and saw 6 of its levels.

You collected 233 gold pieces.

Inventory:

Armour
 m - a +0 pair of boots (melded)
Jewellery
 n - a ring of flight
Wands
 i - a wand of flame (18)
Scrolls
 b - 2 scrolls of identify
 c - 2 scrolls of teleportation
 d - 2 scrolls of fog {unknown}
 j - 2 scrolls of amnesia
Potions
 a - 2 potions of lignification
 e - a potion of heal wounds
 f - 2 potions of mutation
 g - 3 potions of curing
 k - a potion of brilliance
 l - 3 potions of flight


   Skills:
 + Level 3.9 Fighting
 + Level 3.6 Dodging
 + Level 4.6 Unarmed Combat
 + Level 3.6 Spellcasting
 + Level 4.0 Transmutations


You had 10 spell levels left.
You knew the following spells:

 Your Spells              Type           Power      Damage    Failure   Level
a - Beastly Appendage     Tmut           28%        N/A       3%          1
b - Wereblood             Tmut           14%        N/A       5%          2

Your spell library contained the following spells:

 Spells                   Type           Power      Damage    Failure   Level
 Spider Form              Tmut/Pois      8%         N/A       24%         3
 Ozocubu's Armour         Ice            2%         N/A       50%         3
 Vhi's Electric Charge    Tloc/Air       4%         N/A       50%         3
 Ice Form                 Ice/Tmut       8%         N/A       63%         4
 Arcjolt                  Conj/Air       1%         1d11      99%         5
 Plasma Beam              Fire/Air       1%         2x1d12    100%        6
 Ozocubu's Refrigeration  Ice            1%         4d7       100%        7


Dungeon Overview and Level Annotations

Branches:
Dungeon (7/15)             Temple (1/1) D:7

Altars:
Cheibriados
Dithmenos
Elyvilon
Fedhas
Gozag
Hepliaklqana
Kikubaaqudgha
Makhleb
Nemelex Xobeh
Okawaru
Qazlal
Ru
Sif Muna
Trog
Wu Jian
Xom
Zin

Shops:
D:3 (

Annotations:
D:3 3 runed translucent doors, Elsrick's ghost, amateur DjFE; TheSexyCheese's ghost, amateur GnFE
D:4 3 runed translucent doors, GigaChad's ghost, amateur FoFi; Hubris850's ghost, novice DjIE; ThatPearl's ghost, amateur VSFi; pigah's ghost, amateur OpWn; ytrimaz's ghost, amateur DgTm
D:7 Maggie


Innate Abilities, Weirdness & Mutations

You have temporarily grown beastly horns and talons.
You can breathe blasts of scalding, opaque steam.
Your pale cyan-grey scales are hard. (AC +6)
You cannot fit into any form of body armour.
You are cold-blooded and may be slowed by cold attacks.
You are immune to the effects of steam.


Message History

You hit Maggie. Your kick misses Maggie. You headbutt Maggie, but do no damage.
Maggie is moderately wounded.
Maggie hits you with a +0 glaive of protection!
You closely miss Maggie. You claw Maggie, but do no damage.
Maggie is moderately wounded.
Your horns disappear.
Your talons disappear.
Your +0 pair of boots unmelds from your body.
You hit Maggie but do no damage. You tail-slap Maggie.
Maggie is moderately wounded.
Maggie closely misses you.
Okay, then.
Casting: Beastly Appendage (safe; 3% risk of failure)
Confirm with . or Enter, or press ? or * to list all spells.
You grow a pair of large bovine horns.
Your feet morph into talons.
Your +0 pair of boots melds into your body.
Maggie hits you with a +0 glaive of protection.
You barely miss Maggie. Your headbutt misses Maggie.
Maggie is moderately wounded.
You closely miss Maggie. You tail-slap Maggie, but do no damage.
Maggie is moderately wounded.
Maggie barely misses you.
You barely miss Maggie. You claw Maggie, but do no damage.
Your headbutt misses Maggie.
Maggie is moderately wounded.
Maggie gestures wildly while chanting.
Maggie draws you further into her thrall.
You hit Maggie. You claw Maggie, but do no damage. You headbutt Maggie.
Maggie is heavily wounded.
You hit Maggie but do no damage. You claw Maggie. Your headbutt misses Maggie.
Maggie is heavily wounded.
Maggie hits you with a +0 glaive of protection!
* * * LOW HITPOINT WARNING * * *
You hit Maggie but do no damage. Your kick misses Maggie.
You tail-slap Maggie, but do no damage.
Maggie is heavily wounded.
You barely miss Maggie. You tail-slap Maggie, but do no damage.
Maggie is heavily wounded.
Maggie casts a spell at you. The bolt of fire hits you!!
You die...

#.....## #.###.#
#.# #.# #.# #.# #.#
#.# #.# #.# # #)#
#.# #
#.###########.###.#
#
#.@@..............#
##
#.#######.#########
.# # #.# .# ... .#
##.## .. #.# ...
#.# ..o. #.# ..o.o


You could see Maggie (mesmerising).

Vanquished Creatures
  Menkaure (D:7)
  2 ice beasts
  An ogre (D:7)
  2 orc priests (D:4)
  Jessica (D:3)
  3 gnolls (D:4)
  4 adders
  4 worms
  5 dart slugs
  An orc (D:4)
  7 ball pythons
  11 endoplasms
  3 giant cockroaches
  11 goblins
  7 hobgoblins
  7 jackals
  2 quokkas (D:3)
  7 bats
  4 frilled lizards (D:1)
  4 kobolds
  9 rats
96 creatures vanquished.

Vanquished Creatures (others)
  2 fungi (D:7)
  3 plants (D:7)
  7 withered plants
12 creatures vanquished.

Grand Total: 108 creatures vanquished

Notes
Turn   | Place    | Note
-------+----------+-------------------------------------------
     0 | D:1      | ryw the Draconian Transmuter began the quest for the Orb.
     0 | D:1      | Reached XP level 1. HP: 16/16 MP: 3/3
    43 | D:1      | Reached XP level 2. HP: 23/23 MP: 3/5
   412 | D:1      | Learned a level 2 spell: Wereblood
   522 | D:1      | Reached XP level 3. HP: 29/29 MP: 4/6
  1643 | D:2      | Reached XP level 4. HP: 36/36 MP: 4/7
  1841 | D:3      | Found Dihaubru's Antique Weapon Shop.
  2158 | D:3      | Noticed an ice beast
  2178 | D:3      | Killed an ice beast
  2179 | D:3      | Reached XP level 5. HP: 7/42 MP: 6/9
  2698 | D:3      | Found a runed translucent gate.
  2698 | D:3      | Found a runed translucent gate.
  2699 | D:3      | Found a runed translucent gate.
  2700 | D:3      | Noticed TheSexyCheese's ghost (amateur GnFE)
  2700 | D:3      | Noticed Elsrick's ghost (amateur DjFE)
  2885 | D:3      | Noticed Jessica
  2894 | D:3      | Killed Jessica
  3409 | D:4      | Reached XP level 6. HP: 30/51 MP: 7/10
  3879 | D:4      | Found a runed translucent gate.
  3879 | D:4      | Found a runed translucent gate.
  3879 | D:4      | Found a runed translucent gate.
  3880 | D:4      | Noticed GigaChad's ghost (amateur FoFi)
  3880 | D:4      | Noticed ytrimaz's ghost (amateur DgTm)
  3880 | D:4      | Noticed ThatPearl's ghost (amateur VSFi)
  3881 | D:4      | Noticed pigah's ghost (amateur OpWn)
  3881 | D:4      | Noticed Hubris850's ghost (novice DjIE)
  4081 | D:4      | Found a shadowy altar of Dithmenos.
  4108 | D:4      | You fall into a shaft and drop 3 floors!
  4113 | D:7      | Found a staircase to the Ecumenical Temple.
  4132 | Temple   | Entered the Ecumenical Temple
  4487 | Temple   | Became a worshipper of Hepliaklqana the Forgotten
  4535 | D:7      | Found an ancient bone altar of Kikubaaqudgha.
  4537 | D:7      | Found a blossoming altar of Fedhas.
  4549 | D:7      | Noticed a wyvern
  4563 | D:7      | Noticed Maggie
  4594 | D:7      | Noticed Menkaure
  4607 | D:7      | Noticed an ice beast
  4626 | D:7      | Killed an ice beast
  4627 | D:7      | Your scales start taking on a pale cyan-grey colour.
  4627 | D:7      | Reached XP level 7. HP: 13/58 MP: 12/12
  4627 | D:7      | Gained mutation: You are immune to the effects of steam.
                  | [Pale Draconian growth]
  4633 | D:7      | Killed Menkaure
  4669 | D:7      | Killed from afar by Maggie

Illustrated notes

Levels and vault maps discovered:
D:1:      amcnicky_arrival_feature_with_door, layout_loops_ring,
          minmay_pentomino_v4
D:2:      layout_basic, serial_corexii_hall, chequers_hall_statues_wall_a,
          chequers_hall_statues_corner_a
D:3:      layout_loops_corners, gammafunk_ghost_cemetery, serial_shops,
          nicolae_shop_advertising_works [nicolae_subvault_shop_adworks],
          kennysheep_jessica_study
D:4:      layout_gridville, nicolae_dithmenos_the_darkroom,
          gammafunk_ghost_cemetery, lemuel_flame_loot_1
D:7:      layout_loops_ring, grunt_temple_overflow_growth_and_decay,
          minmay_temple_entry_drinking_statues, uniq_crazy_yiuf_cottage,
          uniq_menkaure, uniq_maggie
Temple:   dpeg_chambers_temple

Skill      XL: |  1  2  3  4  5  6  7 |
---------------+----------------------+-----
Dodging        | 2 3 |  3.6
Fighting       | 2 3 |  3.9
Transmutations | 3 4 |  4.0
Spellcasting   | 3 |  3.6
Unarmed Combat | 4 |  4.6

Action                     |  1- 3 |  4- 6 |  7- 9 || total
---------------------------+-------+-------+-------++-------
  Melee: Unarmed           |   129 |   168 |    28 ||   325
         Kick              |    24 |    53 |     9 ||    86
         Tailslap          |    14 |    18 |     9 ||    41
         Headbutt          |    16 |    32 |     3 ||    51
         Punch             |     2 |     3 |       ||     5
   Cast: Beastly Appendage |    28 |    26 |     2 ||    56
         Wereblood         |     2 |     6 |       ||     8
Ability: Breathe Steam     |       |       |     1 ||     1
    Use: Scroll            |     4 |     9 |       ||    13
         Potion            |       |       |     4 ||     4
   Stab: Sleeping          |     1 |     1 |       ||     2
 Armour: Skin              |    25 |    53 |     1 ||    79
  Dodge: Dodged            |    67 |    97 |    11 ||   175

Table legend: (Time is in decaauts)
 A = Elapsed time spent in this place.
 B = Non-inter-level travel time spent in this place.
 C = Inter-level travel time spent in this place.
 D = Time resting spent in this place.
 E = Time spent auto-exploring this place.
 F = Levels seen in this place.
 G = Mean time per level.
                   A        B        C        D        E       F      G
               +--------+--------+--------+--------+--------+-----+--------+
         Total |   4656 |   4526 |    130 |    447 |   3271 |   6 |  776.0 |
       Dungeon |   4279 |   4183 |     96 |    315 |   3079 |   5 |  855.8 |
        Temple |    376 |    342 |     34 |    132 |    192 |   1 |  376.0 |
               +--------+--------+--------+--------+--------+-----+--------+

Top non-repeatable levels by time:
     D:3: 1504 daAuts
     D:1: 1069 daAuts
     D:4: 766 daAuts
     D:2: 762 daAuts
  Temple: 376 daAuts
     D:7: 177 daAuts
